Map: King's Cove LE

Players

Hellraiser - Winner!

  • Race: Protoss Protoss
  • Spawn Location: 5:00

Denver

  • Race: Zerg Zerg
  • Spawn Location: 11:00

Event: IEM Season 13: Katowice (2019)

VOD

Have the link to the VOD?

Description

Time

  • Played on: Feb. 26, 2019, 10:47 a.m.
  • Length: 11:11

All games in this series

Show
View Real Time Build Order
Export as new Build Order

Hellraiser Protoss - Winner!

Build Orders: 1 Gate Expand 

Get SALT Encoding   

  12  0:00  Probe  
  13  0:13  Probe  
  14  0:19  Pylon  
  14  0:24  Probe  
  15  0:33  Probe  
  15  0:39  Gateway  
  15  0:41  Probe  
  16  0:47  Assimilator  
  17  0:53  Probe  
  18  1:05  Probe  
  19  1:22  Nexus  
  19  1:25  Probe  
  20  1:35  Cybernetics Core  
  20  1:38  Probe  
  21  1:44  Assimilator  
  21  1:50  Probe  
  21  1:53  Pylon  
  22  2:01  Stalker, Probe  
  23  2:09  Probe  
  23  2:12  Warp Gate  
  26  2:17  Probe  
  27  2:28  Probe  
  27  2:29  Robotics Facility  
  28  2:31  Probe  
  29  2:39  Probe  
  29  2:40  Probe  
  31  2:47  Sentry  
  31  2:49  Probe  
  34  2:53  Probe  
  34  2:55  Gateway  
  35  3:01  Probe  
  35  3:03  Immortal  
  35  3:05  Probe  
  37  3:14  Probe  
  37  3:17  Probe  
  43  3:21  Pylon  
  43  3:26  Probe  
  44  3:29  Forge  
  44  3:31  Probe  
  45  3:34  Immortal  
  45  3:38  Probe  
  46  3:45  Probe  
  51  3:50  Probe  
  51  3:52  Pylon  
  51  3:53  Protoss Ground Weapons Level 1  
  52  3:57  Probe, Assimilator  
  52  4:02  Probe  
  54  4:03  Assimilator  
  54  4:05  Warp Prism  
  54  4:14  Pylon  
  54  4:15  Probe  
  57  4:18  Probe  
  58  4:24  Pylon  
  58  4:27  Probe  
  58  4:28  Pylon  
  59  4:33  Probe  
  59  4:34  Sentry  
  59  4:35  Sentry  
  64  4:41  Observer, Probe  
  66  4:46  Probe  
  67  4:53  Probe  
  67  4:56  Nexus  
  67  4:57  Stalker  
  67  4:59  Zealot  
  72  5:00  Probe  
  72  5:05  Probe  
  74  5:10  Immortal, Twilight Council  
  74  5:12  Probe  
  80  5:21  Probe  
  80  5:26  Probe  
  80  5:28  Protoss Ground Weapons Level 2  
  81  5:30  Sentry x2  
  81  5:33  Gateway  
  81  5:34  Gateway  
  85  5:41  Probe  
  86  5:44  Gateway  
  86  5:46  Gateway  
  86  5:51  Blink  
  86  5:59  Gateway  
  86  6:01  Gateway  
  86  6:07  Probe  
  86  6:08  Immortal, Pylon  
  86  6:09  Probe  
  88  6:11  Sentry  
  88  6:12  Sentry  
  93  6:21  Probe x2  
  93  6:24  Probe  
  99  6:35  Stalker x4  
  95  6:42  Probe x2  
  95  6:43  Probe  
  92  6:48  Sentry x2  
  89  6:54  Probe x2  
  89  6:55  Probe  
  89  6:58  Zealot  
  89  6:59  Sentry, Stalker  
  96  7:01  Assimilator  
  96  7:06  Probe x2  
  96  7:07  Probe  
  95  7:11  Zealot  
  95  7:12  Sentry, Zealot  
  95  7:13  Zealot x2  
  99  7:18  Probe  
  99  7:19  Probe x2  
  98  7:26  Stalker x3  
  94  7:30  Probe  
  94  7:33  Protoss Ground Weapons Level 3, Zealot  
  94  7:34  Zealot x3  
  96  7:37  Zealot  
  96  7:39  Immortal  
  95  7:53  Assimilator  
  95  7:55  Pylon  
  95  8:00  Pylon  
  95  8:02  Stalker x3  
  101  8:06  Zealot  
  101  8:15  Stalker x4, Probe  
  101  8:17  Probe  
  101  8:19  Probe  
  109  8:26  Photon Cannon  
  110  8:29  Sentry x2  
  113  8:34  Stalker  
  113  8:35  Stalker  
  113  8:40  Stalker  
  119  8:47  Stalker x3  
  122  8:50  Pylon  
  122  8:52  Pylon  
  122  8:53  Pylon  
  122  9:16  Stalker x4  
  122  9:17  Stalker x4  
  134  9:35  Nexus  
  134  9:39  Sentry  
  134  9:40  Sentry  
  134  9:41  Stalker  
  134  9:42  Stalker x3  
  134  9:44  Stalker  
  148  9:48  Pylon  
  148  9:49  Pylon  
  137  10:05  Sentry  
  137  10:06  Sentry, Stalker x3  
  147  10:08  Zealot, Stalker  
  147  10:09  Zealot  
  153  10:27  Pylon  
  153  10:28  Pylon  
  153  10:34  Stalker x6  
  161  10:37  Sentry  
  161  10:39  Sentry  
  147  11:01  Stalker x6  
Show
View Real Time Build Order
Export as new Build Order

Denver Zerg 

Build Orders: Hatch First, Roach Hydra 

Get SALT Encoding   

  12  0:00  Drone  
  13  0:12  Overlord  
  13  0:17  Drone  
  14  0:31  Drone  
  15  0:46  Hatchery  
  15  0:49  Drone  
  15  0:53  Drone  
  15  0:57  Drone  
  17  1:02  Drone  
  18  1:11  Extractor  
  17  1:17  Spawning Pool  
  16  1:20  Drone  
  16  1:23  Drone  
  18  1:33  Drone  
  19  1:44  Drone  
  20  1:54  Drone  
  21  2:04  Queen x2  
  21  2:05  Zergling x4  
  27  2:13  Overlord  
  27  2:16  Metabolic Boost  
  27  2:20  Drone  
  28  2:32  Drone x3  
  31  2:40  Overlord  
  31  2:50  Hatchery  
  30  2:52  Drone  
  30  2:54  Drone  
  32  2:59  Drone x2  
  32  3:04  Drone  
  35  3:11  Drone  
  35  3:12  Drone x3  
  39  3:15  Drone x2  
  39  3:18  Drone  
  42  3:23  Drone x2  
  42  3:26  Overlord  
  44  3:36  Roach Warren  
  44  3:37  Lair  
  43  3:41  Drone  
  43  3:43  Extractor  
  43  3:45  Queen  
  45  3:49  Drone x2  
  45  3:51  Drone  
  45  3:53  Drone  
  45  3:54  Drone  
  50  3:56  Drone  
  51  4:05  Extractor  
  51  4:09  Drone x2  
  52  4:10  Drone  
  52  4:16  Overlord  
  55  4:17  Roach x2  
  55  4:18  Spore Crawler  
  55  4:22  Zergling x4  
  58  4:29  Overlord  
  58  4:34  Overseer  
  58  4:35  Overlord  
  58  4:36  Roach x4  
  66  4:39  Overseer  
  66  4:42  Overlord  
  66  4:49  Overlord  
  66  4:52  Drone x6  
  71  4:57  Glial Reconstitution  
  71  5:00  Overlord  
  71  5:02  Roach  
  71  5:06  Roach  
  77  5:07  Roach  
  77  5:11  Roach  
  77  5:12  Roach  
  81  5:17  Zergling x6  
  78  5:24  Zergling x12  
  81  5:32  Roach x3  
  87  5:40  Roach x3  
  87  5:41  Roach, Overlord  
  93  5:56  Overlord  
  93  5:57  Queen  
  93  5:58  Drone  
  93  6:00  Roach, Evolution Chamber  
  93  6:01  Roach x4  
  93  6:03  Overlord  
  105  6:05  Overlord  
  105  6:12  Overlord  
  105  6:18  Roach x4  
  111  6:24  Roach x3  
  116  6:35  Roach x6  
  116  6:36  Zergling x2  
  115  6:48  Zergling x2  
  115  6:49  Zergling x8  
  112  6:55  Zergling x2  
  112  6:56  Overseer  
  112  6:57  Zerg Missile Weapons Level 1  
  112  6:59  Zergling x8  
  112  7:00  Ravager x2  
  112  7:01  Zergling x2  
  107  7:08  Zergling x8  
  103  7:16  Zergling x2  
  103  7:17  Zergling x2  
  101  7:23  Zergling x6  
  94  7:30  Zergling x14  
  94  7:33  Hatchery  
  94  7:36  Roach x2  
  93  7:39  Drone x3  
  93  7:42  Queen, Hydralisk Den  
  81  7:46  Drone x2  
  81  7:47  Drone  
  81  7:53  Extractor  
  81  7:54  Extractor, Spire  
  81  7:56  Extractor, Drone  
  81  7:57  Drone x2  
  80  8:01  Drone x2  
  80  8:02  Drone  
  78  8:21  Hydralisk x6, Grooved Spines  
  78  8:25  Drone x3  
  94  8:29  Drone x4  
  98  8:35  Hydralisk  
  98  8:40  Hydralisk  
  98  8:41  Hydralisk x2  
  102  8:43  Overlord  
  102  8:45  Hydralisk  
  107  8:49  Overlord  
  107  8:51  Hydralisk  
  107  8:52  Hydralisk  
  111  8:59  Hydralisk x2  
  115  9:03  Hydralisk x2  
  115  9:07  Hydralisk  
  121  9:12  Hydralisk x2  
  121  9:14  Overseer  
  121  9:16  Zergling x2  
  121  9:17  Zergling x4  
  126  9:22  Zergling x8  
  128  9:24  Hydralisk  
  128  9:31  Hydralisk x3  
  130  9:32  Muscular Augments  
  130  9:35  Zergling x6  
  139  9:42  Hydralisk x2  
  143  9:49  Zergling x2  
  143  9:50  Zergling x10  
  148  9:58  Zergling x14  
  141  10:04  Hydralisk, Zergling x2  
  141  10:05  Queen  
  145  10:07  Hydralisk  
  145  10:11  Hydralisk x2  
  151  10:17  Overlord  
  151  10:21  Hydralisk x2  
  148  10:22  Overlord  
  148  10:24  Overlord  
  148  10:25  Overlord  
  150  10:33  Hydralisk x3  
  149  10:37  Hydralisk x2  
  149  10:40  Ravager  
  149  10:41  Hydralisk x2  
  150  10:53  Zergling x8  

Tags
 
Add a new tag
Caveats
  • Supply blocks, unpowered buildings, or Contaminate may cause inaccurate times.
  • Supply counts are checked every 10 seconds.